 Dungeon Crawl Stone Soup version 0.28-a0-410-gbef64dd269 (webtiles) character file.

Game seed: 8878794017524614651

40 zazu2006 the Magician (level 3, -11/28 HPs)
             Began as a Naga Hedge Wizard on Sept 7, 2021.
             Mangled by Sigmund (13 damage)
             ... on level 2 of the Dungeon.
             The game lasted 00:02:58 (1932 turns).

zazu2006 the Magician (Naga Hedge Wizard)           Turns: 1932, Time: 00:02:59

Health: -11/28     AC:  5    Str: 12    XL:     3   Next: 50%
Magic:  3/8        EV: 10    Int: 15    God:
Gold:   114        SH:  0    Dex: 10    Spells: 0/9 levels left

rFire   . . .      SeeInvis +   f - +0 long sword
rCold   . . .      Faith    .   (no shield)
rNeg    + . .      Spirit   .   e - +2 robe {Will+}
rPois   +          Reflect  .   c - +0 hat
rElec   .          Harm     .   g - scarf {shadows}
rCorr   .          Rampage  .   h - +0 pair of gloves
Will    +....                   (no barding)
Stlth   ++........              (no amulet)
HPRegen 0.09/turn               b - ring of positive energy
MPRegen 0.11/turn               (no ring)

@: very slow
A: AC +1, large, see invisible, deformed body, poison resistance, slowness 2,
spit poison 1, naga tail 1
a: Spit Poison


You were on level 2 of the Dungeon.
You visited 1 branch of the dungeon, and saw 2 of its levels.

You collected 114 gold pieces.

Inventory:

Hand Weapons
 f - a +0 long sword (weapon)
Armour
 c - a +0 hat (worn)
 e - a +2 robe of willpower (worn)
 g - a scarf of shadows (worn)
 h - a +0 pair of gloves (worn)
Jewellery
 b - a ring of positive energy (left hand)
Scrolls
 a - a scroll of vulnerability {unknown}
 d - a scroll of teleportation {unknown}
 i - a scroll of fog {unknown}
 j - 2 scrolls of identify {unknown}
 k - a scroll of amnesia {unknown}


   Skills:
 + Level 0.1 Fighting
 + Level 1.8 Dodging
 + Level 3.2 Stealth
 + Level 3.7 Spellcasting
 + Level 1.6 Conjurations
 + Level 1.0 Summonings
 + Level 1.1 Translocations


You couldn't memorise any spells.
You knew the following spells:

 Your Spells              Type           Power      Damage    Failure   Level
a - Magic Dart            Conj           28%        1d4       10%         1
b - Mephitic Cloud        Conj/Pois/Air  4%         N/A       41%         3
c - Conjure Flame         Conj/Fire      5%         6-21      36%         3
d - Blink                 Tloc           N/A        N/A       19%         2

Your spell library contained the following spells:

 Spells                   Type           Power      Damage    Failure   Level
 Call Imp                 Summ           5%         N/A       19%         2
 Slow                     Hex            2%         N/A       28%         2


Dungeon Overview and Level Annotations

Branches:
Dungeon (2/15)

Altars:

Shops:
D:1 (

Annotations:
D:2 Sigmund


Innate Abilities, Weirdness & Mutations

Your serpentine skin is tough. (AC +1)
You have supernaturally acute eyesight. (SInv)
Armour fits poorly on your strangely shaped body.
Your system is resistant to poisons. (rPois)
You cover ground very slowly.
You can spit poison.
You have a snake-like lower body.


Message History

You hear a shout!
Sigmund is engulfed in noxious fumes.
Sigmund appears confused.
Sigmund hits you with a +4 scythe of protection!
You hit Sigmund.
Sigmund is moderately wounded.
Sigmund is engulfed in noxious fumes.
Sigmund appears confused.
Sigmund is engulfed in noxious fumes.
Sigmund drinks a potion.
Sigmund is healed!
Sigmund seems less confused.
You hit Sigmund.
Sigmund is lightly wounded.
Sigmund is engulfed in noxious fumes.
Sigmund appears confused.
Sigmund barely misses you.
You hit Sigmund but do no damage.
Sigmund is moderately wounded.
Sigmund barely misses you.
Press: ? - help, Shift-Dir - straight line, f/p - Sigmund
Aim: Sigmund, wielding a +4 scythe of protection and wearing a +1 robe of willpower (moderately wounded, confused)
The splash of poison hits Sigmund but does no damage.
Sigmund is poisoned.
Sigmund is moderately wounded.
You barely miss Sigmund.
Sigmund is moderately wounded.
Sigmund closely misses you.
You strike the helpless Sigmund from behind!
You hit Sigmund but do no damage.
Sigmund is moderately wounded.
You have got your breath back.
Sigmund hits you with a +4 scythe of protection.
You barely miss Sigmund.
Sigmund is moderately wounded.
Sigmund wonders, "What am I doing in here?"
Sigmund closely misses you.
You hit Sigmund but do no damage.
Sigmund is heavily wounded.
Sigmund hits you with a +4 scythe of protection!
Ouch! That really hurt!
* * * LOW HITPOINT WARNING * * *
Sigmund looks more healthy.
Sigmund hits you with a +4 scythe of protection!
You die...

......#..###.#
#........# #.#
#.#.####.###.#
#.#.# #.....#
..#.## ###.#.#
.....# #.#.#
###..# #.#.#
.##..###
#.#.#########.#
.(.....#
#.#...)@@.....#
.#...#.#
#.#############
#......###.#
...........#
#.....)##..#
.....#.##..#####
............<...
###.#####.######
#.# #.#######


You could see Sigmund (confused).

Vanquished Creatures
  A dart slug (D:1)
  3 ball pythons
  4 endoplasms
  A giant cockroach (D:2)
  5 goblins
  3 hobgoblins
  3 quokkas
  A bat (D:1)
  4 frilled lizards
  5 kobolds
  5 rats (D:1)
35 creatures vanquished.

Notes
Turn   | Place    | Note
-------+----------+-------------------------------------------
     0 | D:1      | zazu2006 the Naga Hedge Wizard began the quest for the Orb.
     0 | D:1      | Reached XP level 1. HP: 15/15 MP: 4/4
   273 | D:1      | Reached XP level 2. HP: 20/22 MP: 0/6
   726 | D:1      | Found Coaheh's Antique Weapon Shop.
   924 | D:1      | Reached XP level 3. HP: 28/28 MP: 0/8
   928 | D:1      | Learned a level 3 spell: Mephitic Cloud
   932 | D:1      | Learned a level 3 spell: Conjure Flame
   936 | D:1      | Learned a level 2 spell: Blink
  1376 | D:1      | Found a faded altar of an unknown god.
  1916 | D:2      | Noticed Sigmund
  1932 | D:2      | Mangled by Sigmund

Illustrated notes

Levels and vault maps discovered:
D:1:      amcnicky_arrival_gap_in_the_tavern_cellar, layout_rooms,
          hellmonk_ecumenical_altar_prayer_group, serial_shops, shop_fountains,
          minmay_tripent
D:2:      layout_loops_ring, minmay_misc_feat_room, kennysheep_potato,
          uniq_sigmund

Action                   || total
-------------------------++-------
Melee: Dagger            ||     5
       Long sword        ||    11
 Cast: Magic Dart        ||    94
       Mephitic Cloud    ||     1
 Abil: Spit Poison       ||    11
 Stab: Confused          ||     1
Armor: Robe              ||     8
Dodge: Dodged            ||    16

Table legend: (Time is in decaauts)
 A = Elapsed time spent in this place.
 B = Non-inter-level travel time spent in this place.
 C = Inter-level travel time spent in this place.
 D = Time resting spent in this place.
 E = Time spent auto-exploring this place.
 F = Levels seen in this place.
 G = Mean time per level.
                   A        B        C        D        E       F      G
               +--------+--------+--------+--------+--------+-----+--------+
         Total |   2211 |   2098 |    113 |      3 |   1794 |   2 | 1105.5 |
       Dungeon |   2211 |   2098 |    113 |      3 |   1794 |   2 | 1105.5 |
               +--------+--------+--------+--------+--------+-----+--------+

Top non-repeatable levels by time:
     D:1: 1676 daAuts
     D:2: 535 daAuts
